 Dungeon Crawl Stone Soup version 0.27-a0-328-g7f782ed93a (webtiles) character file.

Game seed: 18352883490595755998

4 CurlyBrace the Caller (level 1, -2/8 HPs)
             Began as a Felid Summoner on Feb 11, 2021.
             Slain by a goblin
             ... wielding a +0 dagger
              (4 damage)
             ... on level 2 of the Dungeon.
             The game lasted 00:01:07 (170 turns).

CurlyBrace the Caller (Felid Summoner)               Turns: 170, Time: 00:01:07

Health: -2/8       AC:  1    Str:  4    XL:     1   Next: 58%
Magic:  4/4        EV: 18    Int: 16    God:
Gold:   14         SH:  0    Dex: 16    Spells: 3/4 levels left
                                        Lives:  0   Deaths: 0

rFire    . . .     SeeInvis +   (weapon unavailable)
rCold    . . .     Faith    .   (shield unavailable)
rNeg     . . .     Spirit   .   (armour unavailable)
rPois    .         Reflect  .   (helmet unavailable)
rElec    .         Harm     .   (cloak unavailable)
rCorr    .         Rampage  .   (gloves unavailable)
Will     .....                  (boots unavailable)
Stlth    +++.......             (no amulet)
HPRegen  0.02/turn              (no ring)
MPRegen  0.09/turn              (no ring)

@: quick
A: very small, no armour, no weapons or thrown items, stealth, claws 1, fangs 3,
see invisible, speed 1, shaggy fur 1, sharp paws
a: no special abilities


You were on level 2 of the Dungeon.
You visited 1 branch of the dungeon, and saw 2 of its levels.

You collected 14 gold pieces.

You aren't carrying anything.


   Skills:
 * Level 0.5 Fighting
 + Level 2.8 Dodging
 + Level 2.8 Stealth
 * Level 0.5 Unarmed Combat
 - Level 2.0 Spellcasting
 - Level 4.0 Summonings


You had 3 spell levels left.
You knew the following spells:

 Your Spells              Type           Power        Failure   Level
a - Summon Small Mammal   Summ           56%          4%          1

Your spell library contained the following spells:

 Spells                   Type           Power        Failure   Level
 Call Imp                 Summ           14%          6%          2
 Call Canine Familiar     Summ           14%          12%         3
 Summon Guardian Golem    Hex/Summ       8%           26%         3
 Summon Ice Beast         Ice/Summ       8%           65%         4
 Summon Lightning Spire   Summ/Air       8%           65%         4


Dungeon Overview and Level Annotations

Branches:
Dungeon (2/15)

Altars:


Innate Abilities, Weirdness & Mutations

You cannot wear armour.
You are incapable of wielding weapons or throwing items.
Your paws allow you to move quietly. (Stealth)
You have sharp claws.
You have razor-sharp teeth.
You have supernaturally acute eyesight. (SInv)
You cover ground quickly.
You are covered in fur. (AC +1)
Your sharp claws are effective at attacking unaware monsters.


Message History

A goblin comes into view. It is wielding a +0 dagger.
The goblin shouts!
Found a spear.
A hobgoblin comes into view.
The goblin misses you.
You barely miss the goblin. The goblin hits you with a +0 dagger.
Ouch! That really hurt!
You closely miss the goblin. The goblin hits you with a +0 dagger.
* * * LOW HITPOINT WARNING * * *
You closely miss the goblin. The goblin closely misses you.
Unknown command.
You barely miss the goblin. The goblin closely misses you.
Unknown command.
You aren't carrying any potions.
Okay, then.
As you read the scroll labelled NYS HOF OTHREIHYN, it crumbles to dust.
The scroll dissolves into smoke.
It was a scroll of fog.
The goblin misses you.
Unknown command.
The goblin closely misses you.
A dart slug comes into view.
Found a shiny buckler.
Found a ring mail.
Found a stone staircase leading down.
You see here a shiny buckler.
An ooze comes into view.
There is a stone staircase leading down here.
You climb downwards.
A rat, a worm and a goblin come into view.
Found a ring mail.
There is a stone staircase leading up here.
You pounce on the unaware helpless goblin!
You scratch the goblin.
You kill the goblin!
A worm comes into view.
Found 8 gold pieces.
A goblin comes into view. It is wielding a +0 dagger.
You scratch the goblin. Your bite misses the goblin.
The goblin is severely wounded.
The goblin hits you with a +0 dagger.
Ouch! That really hurt!
You die...

##...#...###### #
..............###.
.................
##...........$.#
...........##..#
###<.)#........##
..[........r....#
###..##....####g####.#
#..##....#....@....#
....##....#.###.###.#
.......w...# #..
###.###.#..# ##.# #.w
.....# .. #. ##.#..#
#.# .....# .. ..#


You could see a goblin.

Vanquished Creatures
  A giant cockroach (D:1)
  A bat (D:1)
  A frilled lizard (D:1)
  2 goblins
5 creatures vanquished.

Notes
Turn   | Place    | Note
-------+----------+-------------------------------------------
     0 | D:1      | CurlyBrace the Felid Summoner began the quest for the Orb.
     0 | D:1      | Reached XP level 1. HP: 7/7 MP: 4/4
   170 | D:2      | Slain by a goblin

Illustrated notes

Levels and vault maps discovered:
D:1:      minmay_arrival_nine_rooms, layout_basic, cheibriados_altar_1
D:2:      layout_basic

Action                   || total
-------------------------++-------
Melee: Unarmed           ||    11
  Use: Scroll            ||     1
 Stab: Sleeping          ||     5
Dodge: Dodged            ||     6

Table legend: (Time is in decaauts)
 A = Elapsed time spent in this place.
 B = Non-inter-level travel time spent in this place.
 C = Inter-level travel time spent in this place.
 D = Time resting spent in this place.
 E = Time spent auto-exploring this place.
 F = Levels seen in this place.
 G = Mean time per level.
                   A        B        C        D        E       F      G
               +--------+--------+--------+--------+--------+-----+--------+
         Total |    138 |    138 |      0 |      0 |      0 |   2 |   69.0 |
       Dungeon |    138 |    138 |      0 |      0 |      0 |   2 |   69.0 |
               +--------+--------+--------+--------+--------+-----+--------+

Top non-repeatable levels by time:
     D:1: 126 daAuts
     D:2: 12 daAuts
